AoeStats
← Tinkerino

Nomad

507805725Analyzed
4v4 RM · 12d ago on Sep 19, 2026· 30m 15s· 8 players
Game mode
Random Map
Map size
231×231
Population
200
Speed
Normal
Resources
Standard
Victory
Conquest
Starting age
Dark Age
Ending age
Imperial Age
RankedLock teamsTeams togetherTeam positionsShared explorationLock speedFull tech treeHidden civsTurbo modeCheats
Victory
Defeat
🇻🇪 Armenians · Venezuela
1282
+12
🇻🇪 Hindustanis · Venezuela
1260
+13
🇨🇱 Sicilians · Chile
1225
+14
🇦🇷 Portuguese · Argentina
1217
+14
🇳🇱 Gurjaras · Netherlands
1206
-14
🇷🇴 Huns · Romania
1180
-13
🇺🇸 Berbers · United States
1175
-13
🇺🇸 Aztecs · United States
1175
-13
taisho84
7:40 Loom
14:20 Feudal Age
15:05 Horse Collar
15:18 Double-Bit Axe
20:39 Castle Age
20:11 Stone Mining
Sageata
10:36 Loom
15:17 Feudal Age
17:00 Double-Bit Axe
17:13 Gold Mining
19:36 Castle Age
18:08 Horse Collar
18:31 Fletching
18:35 Stone Mining
20:58 Medium Warships
29:03 Wheelbarrow
28:42 Bow Saw
Solaire (Praise the Sun)
4:10 Loom
13:23 Feudal Age
18:42 Castle Age
19:31 Scale Mail Armor
20:12 Double-Bit Axe
21:56 Eagle Warrior
24:14 Forging
27:34 Wheelbarrow
29:42 Pikeman
FullmetalZimm
4:51 Loom
14:43 Feudal Age
19:28 Castle Age
17:37 Double-Bit Axe
19:37 Gold Mining
22:29 Wheelbarrow
22:03 Stone Mining
26:51 Imperial Age
24:04 Horse Collar
25:22 Fletching
25:38 Padded Archer Armor
29:27 Conscription
Tinkerino
5:28 Loom
15:12 Feudal Age
16:22 Double-Bit Axe
20:53 Castle Age
20:14 Stone Mining
20:35 Fishing Lines
23:23 Bow Saw
25:48 Fletching
29:32 Wheelbarrow
29:26 Bodkin Arrow
GrandeAcure
7:40 Loom
8:08 Loom
15:18 Feudal Age
15:52 Double-Bit Axe
16:48 Fletching
18:14 Fishing Lines
21:12 Castle Age
20:09 Gold Mining
21:46 Forging
22:41 Bodkin Arrow
22:09 Demolition Ship
23:03 Medium Warships
23:22 Scale Mail Armor
23:45 Gillnets
23:58 Man-at-Arms
27:09 Horse Collar
29:22 Squires
29:08 Arson
29:08 Gambesons
30:18 Bow Saw
TENECTEPLASA
5:28 Loom
14:28 Feudal Age
18:48 Castle Age
18:05 Double-Bit Axe
20:14 Bow Saw
20:34 Horse Collar
22:54 Scale Mail Armor
24:01 Chain Mail Armor
24:35 Man-at-Arms
25:13 Long Swordsman
31:28 Wheelbarrow
Gokustar24
4:06 Loom
12:57 Feudal Age
13:25 Double-Bit Axe
20:23 Castle Age
20:23 Scale Barding Armor
24:36 Bloodlines
24:52 Fishing Lines
26:46 Fletching
27:31 Crossbowman
28:24 Bodkin Arrow
29:45 Town Watch
30:36 Wheelbarrow
Connection lost

Rejoining the realm…

Still unreachable

The connection could not be restored.

Session expired

The server has moved on; the page needs a fresh start.